cohdb
Replays
Latest Replays
All Replays
Popular Replays
Top Player Replays
Match Explorer
How It Works
Community
CoH3 Stats
Reddit
Sign in to upload your games and track your stats! →
Sign in with Steam
Match 37515906
Unlisted
Match 37515906
Overview
Messages
Build Orders
End
Kradschützen Motorcycle Team
Panzergrenadier Squad
250 Light Carrier
Construct Light Support Kompanie
Combat Half-tracks
Selects Armored Support Battlegroup
Selects Superior Fire Drills
Panzergrenadier Squad
2.5-tonne Medical Truck
MG34 Team
Construct Mechanized Kompanie
Panzerjäger Mechanized Group
Support Armor Elements
StuG III D Assault Gun
Selects Flammpanzer III Medium Tank
Selects Salvage Kits
Vehicle Survival Package
Flammpanzer III Medium Tank
REGULATOR
USA USA USA
0
0
Comments
sign in to comment!
No comments posted yet!